 Dungeon Crawl Stone Soup version 0.24.0-125-gc4c63601f3 (webtiles) character file.

Game seed: 404620044959875997, levelgen mode: deterministic

7693 Johnny the Grappler (level 11, -15/106 HPs)
             Began as a Naga Berserker on Feb 27, 2020.
             Was an Elder of Trog.
             Demolished by a phantasmal warrior (35 damage)
             ... summoned by a lich
             ... on level 1 of the Abyss.
             The game lasted 00:14:37 (11857 turns).

Johnny the Grappler (Naga Berserker)               Turns: 11857, Time: 00:14:37

Health: -15/106    AC:  8    Str: 22    XL:     11   Next: 19%
Magic:  8/8        EV:  9    Int:  9    God:    Trog [****..]
Gold:   254        SH:  7    Dex: 10    Spells: 10/10 levels left

rFire    + . .     SeeInvis +     - Unarmed
rCold    + + .     Gourm    .   e - +0 shield {rC+ rF+}
rNeg     . . .     Faith    .   F - +0 troll leather armour
rPois    +         Spirit   .   t - +0 helmet
rElec    .         Reflect  .   (no cloak)
rCorr    .         Harm     .   (no gloves)
MR       +....                  (no barding)
Stlth    +.........             (no amulet)
HPRegen  1.67/turn              z - ring of protection from cold
MPRegen  0.11/turn              (no ring)

@: lethally poisoned (-15 -> -15), vulnerable, berserk cooldown, very slightly
contaminated, regenerating, slowed, heavily drained, very slow
A: large, see invisible, deformed body, [low mp 2], poison resistance, slowness
2, slow metabolism 1, spit poison 1, AC +3
a: Spit Poison, Berserk, Trog's Hand, Brothers in Arms, Renounce Religion


You were on level 1 of the Abyss.
You worshipped Trog.
Trog was greatly pleased with you.
You were not hungry.

You visited 1 branch of the dungeon, and saw 10 of its levels.
You visited the Abyss 1 time.

You collected 679 gold pieces.
You spent 425 gold pieces at shops.

Inventory:

Armour
 e - a +0 shield of resistance (worn)
 t - a +0 helmet (worn)
 F - a +0 troll leather armour (worn)
Jewellery
 z - a ring of protection from cold (left hand)
Wands
 r - a wand of random effects (12)
 s - a wand of flame (12)
 G - a wand of disintegration (1)
Scrolls
 b - 3 scrolls of enchant armour
 d - a scroll of amnesia
 g - 2 scrolls of teleportation
 h - 3 scrolls of remove curse
 n - a scroll of fear {unknown}
 q - 3 scrolls of enchant weapon {unknown}
 y - a scroll of immolation {unknown}
 B - a scroll of noise
 C - a scroll of fog {unknown}
Potions
 c - 2 potions of agility
 f - a potion of berserk rage {unknown}
 i - a potion of lignification
 j - 3 potions of mutation
 l - 4 potions of degeneration
 o - 2 potions of curing
 u - 3 potions of flight {unknown}
 v - 3 potions of might
 w - a potion of resistance
Comestibles
 m - 13 rations


   Skills:
 + Level 9.0(7.6) Fighting
 + Level 7.3(5.9) Armour
 + Level 7.3(6.0) Dodging
 + Level 9.1(7.7) Unarmed Combat


You had 10 spell levels left.
You didn't know any spells.
Your spell library contained the following spells:

 Spells                   Type           Power        Failure   Level  Hunger
 Corona                   Hex            #......      97%         1    ##.....
 Freeze                   Ice            #...         97%         1    ##.....
 Ensorcelled Hibernation  Hex/Ice        #.....       99%         2    ###....
 Throw Frost              Conj/Ice       #.....       99%         2    ###....
 Confuse                  Hex            #.......     100%        3    ####...
 Dazzling Spray           Conj/Hex       #.....       100%        3    ####...
 Ozocubu's Armour         Chrm/Ice       #.......     100%        3    ####...
 Tukima's Dance           Hex            #.......     100%        3    ####...
 Summon Ice Beast         Ice/Summ       #.......     100%        4    #####..
 Throw Icicle             Conj/Ice       #.......     100%        4    #####..


Dungeon Overview and Level Annotations

Branches:
Dungeon (10/15)            Temple (0/1) D:6            Lair (0/6) D:8
    Orc: D:9-12

Altars:
Cheibriados
Dithmenos
Hepliaklqana
Trog
Vehumet
Wu Jian
Beogh

Shops:
D:7 **%   D:8 [   D:9 }

Annotations:
D:4 1 runed translucent door, Krabbenopfer's ghost, amateur GrFi
D:9 3 runed translucent doors


Innate Abilities, Weirdness & Mutations

You cannot wear boots.
Your serpentine skin is tough. (AC +3)
You have supernaturally acute eyesight. (SInv)
Armour fits poorly on your strangely shaped body.
Your system is resistant to poisons. (rPois)
You cover ground very slowly.
You have a slow metabolism.
You can spit poison.
[Your magical capacity is very low. (-20% MP)]


Message History

The freezing wraith closely misses you.
The freezing wraith hits you but does no damage.
The freezing wraith hits you.
* * * LOW HITPOINT WARNING * * *
The freezing wraith freezes you. You resist.
* * * LOW HITPOINT WARNING * * *
The freezing wraith hits you!
* * * LOW HITPOINT WARNING * * *
The freezing wraith drains your vigour!
You feel yourself slow down. The lich touches you.
* * * LOW HITPOINT WARNING * * *
You closely miss the lich.
The lich is almost destroyed.
You are no longer berserk.
You are exhausted.
You feel as though you will be slow longer.
The shadow disappears in a puff of smoke!
The hungry ghost hits you.
You feel a lot more hungry. The phantasmal warrior hits you!!
You die...

#. .. .## .. #.. .
..# #. ##2. .# . ##
##... W# . #.
#.#..W#W## # .#
##....#@W.# # ...#.
##.#L#W....# .
.....#..#x#.W.....#
. #. .#.# ###..#.#
x.. .##53# .# ..# .
W###...55.###..###
.. ..#... .# . .#.
#....... .. ## #..
. .#L..


You could see a lich, a reaper, a phantasmal warrior, 2 freezing wraiths, a
worldbinder, a hungry ghost, a ynoxinul, 2 wraiths and 3 ufetubi.

Vanquished Creatures
  A two-headed ogre (D:6)
  Joseph (D:7)
  A troll (D:9)
  2 raiju (Abyss:1)
  7 yaks (D:9)
  A hornet zombie (D:8)
  A black bear (D:8)
  2 ice beasts
  5 orc warriors
  A sky beast (D:9)
  A small abomination (Abyss:1)
  6 ogres
  5 centaurs
  2 big kobolds
  A gnoll sergeant (D:6)
  3 bullfrogs
  2 scorpions
  3 killer bees (D:7)
  8 wights (D:8)
  5 howler monkeys
  6 electric eels (D:9)
  3 bullfrog zombies
  3 crimson imps
  A quasit (D:9)
  2 jellies (D:9)
  5 hounds
  5 orc priests
  3 gnoll shamans
  6 orc wizards
  Natasha (twice) (D:2)
  3 worker ants
  A killer bee zombie (D:7)
  A hound zombie (D:6)
  Robin (D:3)
  A howler monkey skeleton (D:9)
  15 gnolls
  7 adders
  3 adder zombies
  5 oozes
  2 adder skeletons
  4 worms
  A dart slug (D:2)
  9 leopard geckos
  38 orcs
  7 giant cockroaches
  23 goblins
  14 hobgoblins
  9 jackals
  3 quokkas
  A ball python (D:4)
  10 bats
  9 frilled lizards
  8 kobolds
  A leopard gecko zombie (D:9)
  A quokka skeleton (D:4)
  12 rats
  A plant (D:9)
284 creatures vanquished.

Vanquished Creatures (collateral kills)
  A smoke demon (Abyss:1)
  Prince Ribbit (D:6)
  Menkaure (D:7)
  A crimson imp (D:7)
  A hound (D:6)
  An orc wizard (D:7)
  A leopard gecko (D:9)
  3 orcs (D:7)
10 creatures vanquished.

Vanquished Creatures (others)
  2 plants (D:9)
2 creatures vanquished.

Grand Total: 296 creatures vanquished

Notes
Turn   | Place    | Note
-------+----------+-------------------------------------------
     0 | D:1      | Johnny the Naga Berserker began the quest for the Orb.
     0 | D:1      | Reached XP level 1. HP: 21/21 MP: 1/1
   466 | D:1      | Reached XP level 2. HP: 19/28 MP: 2/2
  1082 | D:2      | Noticed Natasha
  1086 | D:2      | Noticed a crimson imp
  1091 | D:2      | Killed Natasha
  1091 | D:2      | Reached XP level 3. HP: 19/34 MP: 3/3
  1450 | D:2      | Reached ** piety under Trog
  1483 | D:2      | Reached XP level 4. HP: 42/42 MP: 4/4
  1705 | D:2      | Found a bloodstained altar of Trog.
  1706 | D:2      | Noticed Natasha
  1716 | D:2      | Killed Natasha
  1878 | D:2      | Reached XP level 5. HP: 45/50 MP: 5/5
  2659 | D:3      | Found an ornate altar of the Wu Jian Council.
  3011 | D:3      | Reached *** piety under Trog
  3268 | D:3      | Noticed Robin
  3277 | D:3      | Killed Robin
  3666 | D:4      | Found a runed translucent door.
  3666 | D:4      | Noticed Krabbenopfer's ghost (amateur GrFi)
  3688 | D:4      | Reached XP level 6. HP: 33/57 MP: 6/6
  4181 | D:4      | Reached **** piety under Trog
  4678 | D:5      | Entered Level 5 of the Dungeon
  4698 | D:5      | Reached XP level 7. HP: 57/66 MP: 7/7
  5046 | D:5      | Reached skill level 5 in Unarmed Combat
  5104 | D:5      | Reached skill level 5 in Fighting
  5808 | D:6      | Found a staircase to the Ecumenical Temple.
  5828 | D:6      | Noticed Prince Ribbit
  5874 | D:6      | Killed Prince Ribbit
  5874 | D:6      | Reached XP level 8. HP: 47/74 MP: 8/8
  6832 | D:6      | Reached XP level 9. HP: 76/82 MP: 9/9
  6958 | D:6      | Found a hazy altar of Hepliaklqana.
  7017 | D:6      | Reached skill level 5 in Dodging
  7087 | D:6      | Noticed a two-headed ogre
  7098 | D:6      | Killed a two-headed ogre
  7098 | D:6      | Reached skill level 5 in Armour
  7827 | D:7      | Found Akkus's General Store.
  7837 | D:7      | Bought a potion of curing for 36 gold pieces
  7837 | D:7      | Bought a scroll of noise for 12 gold pieces
  7912 | D:7      | Noticed Joseph
  8276 | D:7      | Noticed Menkaure
  8278 | D:7      | Killed Menkaure
  8359 | D:7      | Found Havej's Assorted Antiques.
  8362 | D:7      | Bought a glowing shield for 195 gold pieces
  8362 | D:7      | Bought a scroll of identify for 52 gold pieces
  8362 | D:7      | Bought a sapphire ring for 130 gold pieces
  8728 | D:7      | Killed Joseph
  8728 | D:7      | Reached XP level 10. HP: 43/94 MP: 10/10
  8817 | D:7      | Found Ogeuddog's Food Shoppe.
  8854 | D:8      | Found a staircase to the Lair.
  9686 | D:8      | You fall into a shaft and drop 1 floor!
  9780 | D:9      | Received a gift from Trog
  9873 | D:9      | Found a snail-covered altar of Cheibriados.
 10623 | D:9      | Reached ***** piety under Trog
 10669 | D:9      | Found Kusor's Gadget Shop.
 10691 | D:9      | Found a runed translucent gate.
 10691 | D:9      | Found a runed translucent gate.
 10691 | D:9      | Found a runed translucent gate.
 10699 | D:9      | Noticed a brown ugly thing
 10699 | D:9      | Noticed a glowing orange brain
 10699 | D:9      | Noticed a purple ugly thing
 10699 | D:9      | Noticed a purple ugly thing
 10701 | D:9      | Noticed a green ugly thing
 10766 | D:9      | Found a shadowy altar of Dithmenos.
 10858 | D:9      | Reached XP level 11. HP: 104/104 MP: 11/11
 10887 | D:9      | Received a gift from Trog
 10907 | D:9      | Found a roughly hewn altar of Beogh.
 10989 | D:9      | Found a radiant altar of Vehumet.
 11533 | D:10     | Entered Level 10 of the Dungeon
 11562 | D:8      | Found Yqidosyi's Armour Shop.
 11571 | D:8      | Cast into level 1 of the Abyss (orc warrior)
 11741 | Abyss:1  | Noticed a wretched star
 11832 | Abyss:1  | Noticed a lich
 11834 | Abyss:1  | Noticed a worldbinder
 11850 | Abyss:1  | Noticed a phantasmal warrior
 11851 | Abyss:1  | Noticed a reaper
 11857 | Abyss:1  | Demolished by a phantasmal warrior

Levels and vault maps discovered:
D:1:      dpeg_arrival_pond, layout_basic, grunt_decor_resistance
D:2:      layout_loops_corners, trog_butcher_becter, uniq_natasha
D:3:      kennysheep_goblin_castle, layout_basic, marbit_many_paths,
          first_ration
D:4:      layout_loops_cross, gammafunk_ghost_grave
D:5:      layout_basic, minmay_statues_item
D:6:      kennysheep_housing_project, layout_basic, overflow_temple_1_default,
          minmay_temple_entry_junction, uniq_prince_ribbit1
D:7:      layout_basic, serial_shops, kennysheep_mini, kennysheep_mini_moat,
          nicolae_shop_crystal, dk_rats_in_the_wall, uniq_menkaure, uniq_joseph
D:8:      layout_rooms, tso_altar, tgw_xom, lair_entry_dummy, serial_shops,
          shop, blue_anna_alchemist [blue_anna_fruit_fields,
          blue_anna_fruit_fields]
D:9:      layout_loops_corners, nicolae_dithmenos_shadow_blocks,
          vehumet_crystals, serial_shops, nicolae_shop_statue_plus,
          ploomutoo_gammafunk_ghost_potion_laboratory, special_room
          [special_room_orc], serial_bayou, serial_bayou_lagoon_b,
          serial_bayou_lake_a, serial_bayou_pond_a, serial_bayou_pond_c,
          cheibrodos_worm_habitat
D:10:     layout_basic
Abyss:1:  base: D:10, minivault_25, evilmike_abyss_exit_14

Skill      XL: |  1  2  3  4  5  6  7  8  9 10 11 |
---------------+----------------------------------+-----
Armour         | 2 3 4 6 7 |  7.3
Dodging        | 2 3 4 6 7 |  7.3
Unarmed Combat | 4 5 6 7 8 9 |  9.1
Fighting       | 4 5 6 7 8 9 |  9.0

Action                   |  1- 3 |  4- 6 |  7- 9 | 10-12 || total
-------------------------+-------+-------+-------+-------++-------
Melee: Unarmed           |   120 |   376 |   444 |   435 ||  1375
       Punch             |     2 |     5 |    11 |       ||    18
Invok: Berserk           |     2 |     7 |    10 |    12 ||    31
       Trog's Hand       |       |       |     6 |     3 ||     9
       Brothers in Arms  |       |       |     2 |     1 ||     3
 Abil: Spit Poison       |       |     2 |       |       ||     2
Evoke: Wand              |       |       |     6 |    12 ||    18
  Use: Potion            |       |       |     6 |     7 ||    13
       Scroll            |       |       |     7 |     8 ||    15
  Eat: Ration            |     1 |       |     2 |     4 ||     7
       Chunk             |       |    14 |    17 |    13 ||    44
Armor: Animal skin       |     8 |       |       |       ||     8
       Chain mail        |    60 |   230 |   260 |    78 ||   628
       Troll leather arm |       |       |       |    71 ||    71
Dodge: Dodged            |    62 |   156 |   213 |   108 ||   539
Block: Shield            |       |       |    13 |   161 ||   174
